 Dungeon Crawl Stone Soup version 0.22.1-2-g9c5b331383 (webtiles) character file.

707 Gargoyl the Skirmisher (level 7, -11/59 HPs)
             Began as a Centaur Abyssal Knight on Dec 1, 2018.
             Was a Priest of Lugonu.
             Mangled by an ogre
             ... wielding a +0 giant club
              (24 damage)
             ... on level 5 of the Dungeon.
             The game lasted 00:08:05 (5117 turns).

Gargoyl the Skirmisher (Centaur Abyssal Knight)     Turns: 5117, Time: 00:08:06

Health: -11/59     AC: 11    Str: 15    XL:     7   Next: 39%
Magic:  10/10      EV:  7    Int: 11    God:    Lugonu [***...]
Gold:   150        SH:  0    Dex: 10    Spells: 6/6 levels left

rFire    + . .     SeeInvis .   s - +2 scythe (flame)
rCold    . . .     Gourm    .   (shield currently unavailable)
rNeg     . . .     Faith    .   e - +0 chain mail
rPois    .         Spirit   .   n - +0 helmet
rElec    .         Reflect  .   (no cloak)
rCorr    .         Harm     .   o - +1 pair of gloves
MR       .....                  (no barding)
Stlth    ..........             (no amulet)
HPRegen  0.19/turn              u - +3 ring of evasion
MPRegen  0.12/turn              i - ring of protection from fire

@: very quick
A: large, hooves 3, deformed body, speed 2, tough skin 3
a: Depart the Abyss, Bend Space, Banish, Renounce Religion


You were on level 5 of the Dungeon.
You worshipped Lugonu.
Lugonu was most pleased with you.
You were not hungry.

You visited 1 branch of the dungeon, and saw 5 of its levels.
You visited the Abyss 1 time.

You collected 150 gold pieces.

Inventory:

Hand Weapons
 a - a +1 hand axe
 s - a +2 scythe of flaming (weapon)
Missiles
 q - 3 tomahawks (quivered)
Armour
 e - a +0 chain mail (worn)
 n - a +0 helmet (worn)
 o - a +1 pair of gloves (worn)
Jewellery
 d - an uncursed ring of see invisible
 i - a ring of protection from fire (right hand)
 u - a +3 ring of evasion (left hand)
Wands
 m - a wand of digging (10)
Scrolls
 f - 3 scrolls of fear
 j - 2 scrolls of remove curse
 p - a scroll of immolation
 r - 2 scrolls of identify
Potions
 b - 3 potions of agility {unknown}
 g - a potion of berserk rage
 h - a potion of magic {unknown}
 k - 2 potions of brilliance
 l - 2 potions of curing
 t - a potion of heal wounds {unknown}
 w - a potion of invisibility {unknown}
Comestibles
 c - 6 rations


   Skills:
 + Level 4.2 Fighting
 + Level 3.9(4.1) Axes
 + Level 2.1(3.2) Polearms
 + Level 0.5 Throwing
 * Level 3.6 Armour
 + Level 1.1 Dodging
 * Level 4.1 Invocations


You had 6 spell levels left.
You didn't know any spells.
Your spell library was empty.

Dungeon Overview and Level Annotations

Branches:
Dungeon (5/15)
 Temple: D:4-7

Altars:
Makhleb
Nemelex Xobeh
Yredelemnul


Innate Abilities, Weirdness & Mutations

You have hooves in place of feet.
Armour fits poorly on your strangely shaped body.
You cover ground very quickly.
You have extremely tough skin. (AC +3)


Message History

There is an open door here.
An ogre comes into view. It is wielding a giant club.
Found a stone staircase leading up and a stone staircase leading down.
You slash the ogre! You burn the ogre. Your kick misses the ogre.
The ogre is moderately wounded.
The ogre barely misses you. The ogre hits you with a giant club!!
You hit the ogre. You burn the ogre. You kick the ogre, but do no damage.
The ogre is heavily wounded.
The ogre hits you with a giant club!
Your chain mail prevents you from hitting the ogre.
You kick the ogre!
The ogre is almost dead.
The ogre barely misses you.
Your chain mail prevents you from hitting the ogre.
You kick the ogre, but do no damage.
The ogre is almost dead.
The ogre hits you with a giant club!
* * * LOW HITPOINT WARNING * * *
The ogre hits you with a giant club!!
You die...

### .# #### .#.#..
.###### ... ...#.
.##...# #.# ....
.##...#######.# ..>
.............(# ..
..............# <#
..............###O#
..............'.@.#
..............#####
..............#
############+##


You could see an ogre.

Vanquished Creatures
  Sigmund (D:3)
  2 ogres (D:4)
  2 scorpions (D:4)
  An iguana (D:4)
  A worker ant (D:4)
  Natasha (twice) (D:2)
  6 adders
  A shadow imp (D:5)
  3 oozes
  3 worms
  2 dart slugs
  3 leopard geckos
  7 orcs
  10 bats
  12 giant cockroaches
  12 goblins
  11 hobgoblins
  8 kobolds
  4 frilled lizards
  11 rats
102 creatures vanquished.

Notes
Turn   | Place    | Note
-------+----------+-------------------------------------------
     0 | Abyss:1  | Gargoyl the Centaur Abyssal Knight began the quest for the
                  | Orb.
     0 | Abyss:1  | Reached XP level 1. HP: 19/19 MP: 2/2
    17 | Abyss:1  | Found a corrupted altar of Lugonu.
    23 | Abyss:1  | Found a corrupted altar of Lugonu.
    48 | Abyss:2  | Found a corrupted altar of Lugonu.
    94 | Abyss:2  | Noticed a thrashing horror
    98 | Abyss:2  | Noticed a large abomination
    98 | Abyss:2  | Noticed a small abomination
    99 | D:1      | Escaped the Abyss
   220 | D:1      | Reached XP level 2. HP: 18/26 MP: 3/3
   399 | D:1      | Reached * piety under Lugonu
   642 | D:1      | Reached XP level 3. HP: 28/31 MP: 4/4
  1359 | D:2      | Found a basalt altar of Yredelemnul.
  1630 | D:2      | Reached XP level 4. HP: 40/40 MP: 5/5
  1650 | D:2      | Reached ** piety under Lugonu
  1894 | D:2      | Noticed Natasha
  1897 | D:2      | Killed Natasha
  2024 | D:2      | Noticed Natasha
  2029 | D:2      | Killed Natasha
  2029 | D:2      | Reached XP level 5. HP: 46/46 MP: 5/7
  2162 | D:3      | Found a sparkling altar of Nemelex Xobeh.
  2920 | D:3      | Noticed Sigmund
  2940 | D:3      | Killed Sigmund
  2940 | D:3      | Reached skill level 1 in Dodging
  2940 | D:3      | Reached XP level 6. HP: 16/52 MP: 8/8
  3618 | D:4      | Reached skill level 1 in Polearms
  3719 | D:4      | Found a burning altar of Makhleb.
  3888 | D:4      | Reached *** piety under Lugonu
  3920 | D:4      | Reached XP level 7. HP: 31/59 MP: 9/9
  5052 | D:5      | Entered Level 5 of the Dungeon
  5117 | D:5      | Mangled by an ogre

Skill      XL: |  1  2  3  4  5  6  7 |
---------------+----------------------+-----
Axes           | 2 3 |  3.9
Armour         | 2 3 |  3.6
Invocations    | 3 4 |  4.1
Fighting       | 4 |  4.2
Dodging        | 1 |  1.1
Polearms       | 1 2 |  2.1
Throwing       | |  0.5

Action                   |  1- 3 |  4- 6 |  7- 9 || total
-------------------------+-------+-------+-------++-------
Melee: Hand axe          |   123 |   101 |       ||   224
       Kick              |    16 |    22 |     8 ||    46
       Scythe            |       |    31 |    29 ||    60
Throw: Tomahawk          |       |     8 |     1 ||     9
Invok: Depart the Abyss  |     1 |       |       ||     1
  Use: Potion            |     1 |     3 |       ||     4
       Scroll            |       |    10 |       ||    10
  Eat: Chunk             |     1 |     3 |       ||     4
       Ration            |       |     1 |     1 ||     2
Armor: Leather armour    |    11 |       |       ||    11
       Chain mail        |    96 |   105 |    12 ||   213
Dodge: Dodged            |    51 |    32 |    16 ||    99
